 Dungeon Crawl Stone Soup version 0.30-a0-553-g7fabdf1491 (webtiles) character file.

Game seed: 7527701921729892207

15056 experimilk the Geomancer (level 11, -2/74 HPs)
             Began as a Grey Draconian Conjurer on Dec 26, 2022.
             Was a Priest of Vehumet.
             Killed by divine providence
             ... invoked by an orc priest
             ... summoned by an orange crystal statue
              (10 damage)
             ... on level 10 of the Dungeon.
             The game lasted 00:42:36 (17097 turns).

experimilk the Geomancer (Grey Draconian Conjurer) Turns: 17097, Time: 00:42:37

Health: -2/74      AC: 13    Str: 15      XL:     11   Next: 96%
Magic:  18/26      EV: 11    Int: 34 (36) God:    Vehumet [***...]
Gold:   1334       SH:  0    Dex:  7      Spells: 10/32 levels left

rFire   . . .      SeeInvis .    B - +3 woodcutter's axe {vorpal}
rCold   . . .      Faith    .    (shield currently unavailable)
rNeg    . . .      Spirit   .    (body armour unavailable)
rPois   .          Reflect  .    (helmet restricted)
rElec   .          Harm     .    (no cloak)
rCorr   .          Rampage  .    q - +0 pair of gloves
Will    .....                    (no boots)
Stlth   +                        (no amulet)
HPRegen 0.32/turn                K - +6 ring of intelligence
MPRegen 0.20/turn                P - ring of Miracles {+Blink Str+6 Int+7 Dex-3}

@: about to teleport
A: AC +12, amphibious, unfitting armour, cold-blooded
a: Renounce Religion, Evoke Blink


You were on level 10 of the Dungeon.
You worshipped Vehumet.
Vehumet was most pleased with you.
You visited 1 branch of the dungeon, and saw 10 of its levels.
You also visited: Bailey.

You collected 1334 gold pieces.

Inventory:

Hand Weapons
 A - the +8 hand axe of the Chewing Salmon {venom, rElec rC+ Dex+2}
   (You took it off a gnoll on level 6 of the Dungeon)

   It poisons the flesh of those it strikes.
   Dex:       It affects your dexterity (+2).
   rC:        It protects you from cold.
   rElec:     It insulates you from electricity.
 B - the +3 woodcutter's axe (weapon) {vorpal}
   (You took it off a gnoll sergeant on level 6 of the Dungeon)

   It inflicts extra damage upon your enemies.
Missiles
 C - 6 throwing nets
Armour
 b - a +0 kite shield
 q - a +0 pair of gloves (worn)
 w - a +0 buckler
Jewellery
 f - a ring of protection from cold
 h - an amulet of faith
 r - the ring "Keg Anit" {rElec rF+ Will+ Dex-4}
   (You found it on level 5 of the Dungeon)

   [ring of protection from fire]

   Dex:       It affects your dexterity (-4).
   rF:        It protects you from fire.
   rElec:     It insulates you from electricity.
   Will:      It increases your willpower.
 t - a ring of protection from fire
 D - a ring of fire
 E - a ring of wizardry
 J - a ring of flight
 K - a +6 ring of intelligence (left hand)
 P - the ring of Miracles (right hand) {+Blink Str+6 Int+7 Dex-3}
   (You acquired it on level 10 of the Dungeon)

   [ring of strength]

   Str:       It affects your strength (+6).
   Int:       It affects your intelligence (+7).
   Dex:       It affects your dexterity (-3).
   +Blink:    It lets you blink.
Wands
 v - a wand of light (7)
 N - a wand of roots (5)
 O - a wand of polymorph (6)
Scrolls
 a - 3 scrolls of enchant armour {unknown}
 e - 7 scrolls of teleportation
 j - 5 scrolls of enchant weapon
 k - 2 scrolls of fog {unknown}
 m - 2 scrolls of fear {unknown}
 n - a scroll of amnesia {unknown}
 p - a scroll of vulnerability {unknown}
 y - a scroll of blinking {unknown}
 z - a scroll of torment {unknown}
 F - a scroll of poison
 G - 2 scrolls of immolation
 H - a scroll of brand weapon {unknown}
 M - a scroll of magic mapping {unknown}
Potions
 c - a potion of cancellation
 d - 2 potions of heal wounds
 g - 3 potions of lignification
 i - 5 potions of flight
 l - 4 potions of haste
 o - 2 potions of curing
 s - a potion of berserk rage
 u - a potion of invisibility {unknown}
 x - a potion of resistance {unknown}
 I - a potion of might {unknown}
 L - a potion of mutation {unknown}


   Skills:
 - Level 1.7 Dodging
 - Level 1.7 Stealth
 - Level 11.0 Spellcasting
 * Level 11.3 Conjurations
 + Level 5.3 Hexes
 - Level 3.0 Translocations
 * Level 11.4 Earth Magic


You had 10 spell levels left.
You knew the following spells:

 Your Spells              Type           Power      Damage    Failure   Level
a - Leda's Liquefaction   Hex/Erth       33%        N/A       1%          4
b - Momentum Strike       Conj/Tloc      100%       3d10      1%          2
c - Fulminant Prism       Conj/Hex       33%        3d15      1%          4
p - Magic Dart            Conj           100%       1d8       0%          1
q - Passwall              Tmut/Erth      45%        N/A       1%          2
r - Searing Ray           Conj           100%       2d8       1%          2
x - Iskenderun's Mystic   Conj/Tloc      61%        2d13      1%          4
z - Stone Arrow           Conj/Erth      100%       3d13      1%          3

Your spell library contained the following spells:

 Spells                   Type           Power      Damage    Failure   Level
 Kindle Blastsparks       Fire/Tloc/Air  50%        2d14      1%          3
 Sandblast                Erth           100%       2d20      0%          1
 Dazzling Flash           Conj/Hex       100%       N/A       1%          3
 Mephitic Cloud           Conj/Pois/Air  44%        N/A       1%          3
 Portal Projectile        Hex/Tloc       92%        N/A       1%          3
 Arcjolt                  Conj/Air       27%        1d37      1%          5
 Call Imp                 Summ           18%        N/A       3%          2
 Sublimation of Blood     Necr           18%        N/A       3%          2
 Wereblood                Tmut           18%        N/A       3%          2
 Vhi's Electric Charge    Tloc/Air       56%        N/A       3%          3
 Call Canine Familiar     Summ           18%        N/A       7%          3
 Summon Hydra             Summ           9%         N/A       100%        7
 Maxwell's Capacitive Co  Air            9%         ∞         100%        8


Dungeon Overview and Level Annotations

Branches:
Dungeon (10/15)            Temple (0/1) D:4            Lair (0/5) D:10
 Bailey (visited)
    Orc: D:9-12

Altars:
Ashenzari
Cheibriados
Fedhas
Gozag
Makhleb
Qazlal
Sif Muna
Uskayaw
Vehumet
Wu Jian
Xom
Yredelemnul

Shops:
D:3 (

Annotations:
D:10 exclusion: orange crystal statue


Innate Abilities, Weirdness & Mutations

Your dull iron-grey scales are very hard. (AC +12)
You are amphibious.
You cannot fit into any form of body armour.
You are cold-blooded and may be slowed by cold attacks.


Message History

The puff of flame hits you but does no damage.
The orc priest looks braver for a moment.
The orc priest invokes the aid of Beogh against you.
Beogh smites you! The two-headed ogre closely misses you.
The two-headed ogre hits you with a +0 giant club!
The orc wizard gestures at you while chanting.
The magic dart hits you.
The orc wizard mumbles some strange words.
The orc wizard flickers and vanishes!
Deactivating autopickup; reactivate with Ctrl-A.
As you read the scroll of teleportation, it crumbles to dust.
You feel strangely unstable.
The orc priest calls down the wrath of Beogh upon you.
Beogh smites you!
* * * LOW HITPOINT WARNING * * *
Casting: Stone Arrow (safe; 1% risk of failure)
Confirm with . or Enter, or press ? or * to list all spells.
You erupt in a blast of force!
The mystic blast hits the orc warrior!
The orc warrior is heavily wounded.
The orc warrior is knocked back by the mystic blast.
The orc warrior collides with the orc priest!
The orc priest is heavily wounded.
The mystic blast hits the orc!
You kill the orc!
The orc's corpse dissolves into shadows!
The mystic blast hits the two-headed ogre!
The two-headed ogre is lightly wounded.
The two-headed ogre is knocked back by the mystic blast.
The mystic blast hits the orc priest!
The orc priest is severely wounded.
The orc priest is knocked back by the mystic blast.
The orc priest slams into the rock wall!
Unknown command.
The orc priest mumbles some strange prayers to Beogh against you.
Beogh smites you!
* * * LOW HITPOINT WARNING * * *
The orc priest calls down the wrath of Beogh upon you.
Beogh smites you!
You die...

#≈...§#≈.....###......)[.........
#≈≈≈§≈#≈###### #......#<[....##..
##⌠#⌠##§# ###...........##..
#####§§# #........))....# ####
#..####..)....## ##..###.........
##.............
######..#......##.##
#########..@....#.#....#..##
#......oO.####..............
#.....o..o# #...............
#......oo## #.##............
#.......o####.##............
#.....<.......##............
#.)......#######............
#...........................
#...........................


You could see a two-headed ogre (summoned), an orc warrior (summoned) and 2 orc
priests.

Vanquished Creatures
  2 vault guards (Bailey)
  Erica (D:10)
  A two-headed ogre (D:5)
  Lodul (D:10)
  Joseph (D:7)
  A komodo dragon (D:10)
  3 trolls
  Prince Ribbit (Bailey)
  A shadow (D:9)
  2 wyverns
  22 yaks
  7 humans (Bailey)
  3 steam dragons
  Grum (D:9)
  An acid dragon (D:5)
  Edmund (D:6)
  A water moccasin (D:5)
  A black bear (D:7)
  A sky beast (D:7)
  4 orc warriors
  3 ice beasts (D:6)
  9 ogres
  3 centaurs
  2 wolves (D:9)
  2 phantoms
  2 kobold brigands
  11 bullfrogs (Bailey)
  6 gnoll sergeants
  3 scorpions
  A necrophage (D:4)
  A wyvern zombie (D:6)
  2 water moccasin zombies (D:6)
  3 wights (D:9)
  4 killer bees (D:9)
  A howler monkey (D:7)
  A crimson imp (D:5)
  2 centaur zombies (D:6)
  4 hounds
  4 gnoll boudas
  4 orc priests
  Terence (D:3)
  5 iguanas
  8 orc wizards
  A howler monkey zombie (D:6)
  26 gnolls
  7 adders
  A white imp (D:5)
  3 dart slugs
  34 orcs
  5 ball pythons
  4 bats (D:1)
  5 endoplasms
  3 giant cockroaches
  10 goblins
  9 hobgoblins
  10 jackals
  3 quokkas
  4 frilled lizards
  21 kobolds
  6 rats
290 creatures vanquished.

Vanquished Creatures (others)
  A hobgoblin (D:3)
  A quokka (D:3)
  A rat (D:3)
  8 fulminant prisms (D:10)
  9 fungi (D:7)
  48 plants
68 creatures vanquished.

Grand Total: 358 creatures vanquished

Notes
Turn   | Place    | Note
-------+----------+-------------------------------------------
     0 | D:1      | experimilk the Draconian Conjurer began the quest for the
                  | Orb.
     0 | D:1      | Reached XP level 1. HP: 14/14 MP: 3/3
   264 | D:1      | Reached XP level 2. HP: 19/20 MP: 1/5
   308 | D:1      | Learned a level 2 spell: Searing Ray
   534 | D:1      | Reached XP level 3. HP: 25/26 MP: 1/6
  1238 | D:2      | Reached skill level 5 in Conjurations
  2226 | D:3      | Found a stormy altar of Qazlal.
  2291 | D:3      | Reached XP level 4. HP: 33/33 MP: 4/8
  2797 | D:3      | Found a shimmering altar of Xom.
  2898 | D:3      | Found Maelott's Weapon Shoppe.
  3011 | D:3      | Found an opulent altar of Gozag.
  3036 | D:3      | Noticed Terence
  3041 | D:3      | Killed Terence
  3223 | D:4      | Reached XP level 5. HP: 38/38 MP: 4/9
  4004 | D:4      | Noticed a phantom
  4035 | D:4      | Killed a phantom
  4459 | D:4      | Reached XP level 6. HP: 45/45 MP: 3/10
  4549 | D:4      | Found a hide-covered altar of Uskayaw.
  4795 | D:4      | Found a radiant altar of Vehumet.
  4795 | D:4      | Found a shimmering blue altar of Sif Muna.
  4829 | D:4      | Became a worshipper of Vehumet
  4879 | D:4      | Found a staircase to the Ecumenical Temple.
  5078 | D:4      | Found a broken altar of Ashenzari.
  5128 | D:5      | Entered Level 5 of the Dungeon
  5130 | D:5      | Noticed an acid dragon
  5132 | D:5      | Noticed a water moccasin
  5608 | D:5      | Identified the ring "Keg Anit" {rElec rF+ Will+ Dex-4}
  5637 | D:5      | Your scales start taking on a dull iron-grey colour.
  5637 | D:5      | Reached XP level 7. HP: 25/50 MP: 1/11
  5680 | D:4      | Learned a level 3 spell: Stone Arrow
  5772 | D:5      | Noticed a two-headed ogre
  6450 | D:5      | Killed a two-headed ogre
  6451 | D:5      | Reached XP level 8. HP: 57/57 MP: 1/17
  6576 | D:5      | Reached skill level 1 in Earth Magic
  7080 | D:5      | Learned a level 4 spell: Iskenderun's Mystic Blast
  7085 | D:5      | Learned a level 4 spell: Leda's Liquefaction
  7447 | D:6      | Found a basalt altar of Yredelemnul.
  7482 | D:6      | Reached XP level 9. HP: 62/62 MP: 5/19
  7608 | D:6      | Reached * piety under Vehumet
  7608 | D:6      | Offered knowledge of Freeze by Vehumet.
  7609 | D:6      | Reached skill level 10 in Conjurations
  7953 | D:6      | Identified the +8 hand axe of the Chewing Salmon {venom,
                  | rElec rC+ Dex+2}
  8268 | D:6      | Noticed Edmund
  8273 | D:6      | Killed Edmund
  8597 | D:6      | Identified the +5 sling of the Everdark {drain, rElec}
  8965 | D:7      | Reached skill level 5 in Earth Magic
  9111 | D:7      | Reached skill level 1 in Hexes
  9341 | D:7      | Found a blossoming altar of Fedhas.
  9368 | D:7      | Found an ornate altar of the Wu Jian Council.
  9496 | D:7      | Noticed Joseph
  9501 | D:7      | Killed Joseph
  9650 | D:7      | Learned a level 2 spell: Passwall
  9754 | D:7      | Reached XP level 10. HP: 68/69 MP: 18/20
 10003 | D:7      | Reached ** piety under Vehumet
 10003 | D:7      | Offered knowledge of Momentum Strike by Vehumet.
 10170 | D:7      | Learned a level 2 spell: Momentum Strike
 10404 | D:8      | Reached skill level 1 in Translocations
 11423 | D:9      | Noticed Grum
 11435 | D:9      | Killed Grum
 12888 | D:9      | Offered knowledge of Frozen Ramparts by Vehumet.
 13228 | D:9      | Learned a level 4 spell: Fulminant Prism
 13472 | D:9      | Identified a scroll of acquirement
 13473 | D:9      | Acquired 600 gold pieces
 13483 | D:10     | Entered Level 10 of the Dungeon
 13561 | D:10     | Found a snail-covered altar of Cheibriados.
 13569 | D:10     | Found a flagged portal.
 13579 | Bailey   | Entered a bailey
 13598 | Bailey   | Reached *** piety under Vehumet
 13633 | Bailey   | Reached XP level 11. HP: 74/74 MP: 5/24
 14121 | Bailey   | Noticed Prince Ribbit
 14129 | Bailey   | Noticed a vault guard
 14141 | Bailey   | Killed Prince Ribbit
 14193 | Bailey   | Killed a vault guard
 14194 | Bailey   | Reached skill level 10 in Spellcasting
 14587 | Bailey   | Noticed a vault guard
 14593 | Bailey   | Offered knowledge of Kindle Blastsparks by Vehumet.
 14602 | Bailey   | Killed a vault guard
 14756 | D:10     | Noticed Lodul
 15082 | D:10     | Noticed an orange crystal statue
 15491 | D:10     | Reached skill level 10 in Earth Magic
 15544 | D:10     | Noticed Erica
 15559 | D:10     | Killed Erica
 15809 | D:10     | Killed Lodul
 15810 | D:10     | Reached skill level 5 in Hexes
 16294 | D:10     | Found a burning altar of Makhleb.
 16606 | D:10     | Reached **** piety under Vehumet
 16831 | D:10     | Acquired the ring of Miracles {+Blink Str+6 Int+7 Dex-3}
 16839 | D:10     | Found a staircase to the Lair.
 17073 | D:10     | Noticed a two-headed ogre
 17097 | D:10     | Killed from afar by an orc priest

Illustrated notes

Levels and vault maps discovered:
D:1:      minmay_arrival_shoal_huts, layout_rooms, nrook_mini_backslash
D:2:      layout_loops_ring
D:3:      layout_basic, lemuel_doored_altar, nicolae_qazlal_scattered_showers,
          xom_confusion_cloud, serial_shops, shop,
          amcnicky_mini_corridor_feature, uniq_terence
D:4:      layout_cave_pools, nicolae_uskayaw_dance_hall,
          mainiacjoe_overflow_brackets, gammafunk_temple_overflow_wave,
          minmay_temple_entry_enclosed_plants
D:5:      layout_rooms, minmay_misc_feat_rows, st_stairs_5,
          minmay_fire_ice_demons
D:6:      layout_gridville, nicolae_yredelemnul_corpse_copse,
          pf_guarded_unrand_woodcutter, uniq_edmund
D:7:      layout_loops_ring, pdpol_wu_jian_five_deadly_venoms, fedhas_altar_3,
          uniq_joseph
D:8:      layout_rooms, hangedman_decor_clover_reticule
D:9:      layout_irregular_city, uniq_grum
D:10:     layout_rooms, lightli_temple_of_fire, lemuel_crystal_altar,
          david_lair_shrubbed, enter_bailey_2, minivault_16,
          minmay_splitting_lines, minivault_11, minmay_misc_feat_roman,
          uniq_lodul, uniq_erica

Skill      XL: |  1  2  3  4  5  6  7  8  9 10 11 |
---------------+----------------------------------+-----
Conjurations   | 5 6 8 9 11 | 11.3
Spellcasting   | 3 6 7 9 11 | 11.0
Earth Magic    | 3 7 9 11 | 11.4
Hexes          | 3 5 |  5.3
Translocations | 3 |  3.0
Dodging        | |  1.7
Stealth        | |  1.7

Action                   |  1- 3 |  4- 6 |  7- 9 | 10-12 || total
-------------------------+-------+-------+-------+-------++-------
Melee: Whip              |    23 |       |       |       ||    23
       Tailslap          |     4 |     5 |    11 |    13 ||    33
       Dagger            |     2 |       |       |       ||     2
       Short sword       |       |    54 |    65 |       ||   119
       Battleaxe         |       |       |    25 |   109 ||   134
       Hand axe          |       |       |     2 |       ||     2
 Cast: Magic Dart        |    51 |    51 |    25 |    39 ||   166
       Searing Ray       |    12 |    23 |     8 |     7 ||    50
       Stone Arrow       |       |       |    82 |   127 ||   209
       Iskenderun's Myst |       |       |     2 |    15 ||    17
       Leda's Liquefacti |       |       |       |    18 ||    18
       Fulminant Prism   |       |       |       |     8 ||     8
Evoke: Wand              |       |       |       |     7 ||     7
  Use: Scroll            |     2 |     4 |     4 |     9 ||    19
       Potion            |       |     1 |     1 |     2 ||     4
 Stab: Invisible         |       |       |       |     1 ||     1
Armor: Skin              |     9 |    20 |    69 |    51 ||   149
Dodge: Dodged            |    20 |    48 |    86 |    77 ||   231
Block: Buckler           |       |       |     1 |       ||     1

Table legend: (Time is in decaauts)
 A = Elapsed time spent in this place.
 B = Non-inter-level travel time spent in this place.
 C = Inter-level travel time spent in this place.
 D = Time resting spent in this place.
 E = Time spent auto-exploring this place.
 F = Levels seen in this place.
 G = Mean time per level.
                   A        B        C        D        E       F      G
               +--------+--------+--------+--------+--------+-----+--------+
         Total |  17118 |  16604 |    514 |   8161 |   6567 |  11 | 1556.2 |
       Dungeon |  15953 |  15439 |    514 |   7235 |   6502 |  10 | 1595.3 |
        Bailey |   1165 |   1165 |      0 |    926 |     65 |   1 | 1165.0 |
               +--------+--------+--------+--------+--------+-----+--------+

Top non-repeatable levels by time:
     D:9: 3131 daAuts
     D:4: 2046 daAuts
     D:6: 1873 daAuts
     D:3: 1754 daAuts
     D:7: 1443 daAuts
    D:10: 1419 daAuts
     D:1: 1239 daAuts
  Bailey: 1165 daAuts
     D:5: 1162 daAuts
     D:8: 994 daAuts
     D:2: 887 daAuts
